Map: [ESL] Gresvan

Players

SCV

  • Race: Protoss Protoss
  • Spawn Location: 11:00

Firefly - Winner!

  • Race: Protoss Protoss
  • Spawn Location: 5:00

Event: ESL SC2 Masters 2023 Summer (Regionals)

VOD

Have the link to the VOD?

Description

Time

  • Played on: May 10, 2023, 7:17 a.m.
  • Length: 10:00

All games in this series

Show
View Real Time Build Order
Export as new Build Order

SCV Protoss 

Build Orders: Phoenix Opening, Blink Stalkers 

Get SALT Encoding   

  12  0:00  Probe  
  13  0:12  Probe  
  14  0:17  Pylon  
  14  0:24  Probe (Chrono Boost)  
  15  0:36  Probe (Chrono Boost), Gateway  
  16  0:44  Probe (Chrono Boost)  
  16  0:46  Assimilator  
  17  0:51  Probe  
  17  0:56  Assimilator  
  18  1:03  Probe (Chrono Boost)  
  19  1:08  Gateway  
  19  1:14  Probe (Chrono Boost)  
  20  1:19  Probe (Chrono Boost)  
  20  1:24  Cybernetics Core  
  21  1:29  Probe  
  22  1:33  Pylon  
  22  1:41  Probe  
  23  1:53  Probe  
  24  1:58  Warp Gate (Chrono Boost)  
  24  2:01  Adept, Stalker  
  26  2:05  Probe  
  29  2:10  Pylon  
  29  2:31  Stalker  
  29  2:32  Stalker  
  33  2:52  Nexus  
  33  2:58  Probe  
  34  3:10  Probe, Twilight Council  
  35  3:20  Shield Battery  
  35  3:22  Probe  
  34  3:36  Gateway  
  34  3:39  Blink (Chrono Boost)  
  34  3:40  Stalker  
  34  3:41  Sentry  
  38  3:49  Pylon  
  38  3:56  Phoenix  
  38  3:57  Probe  
  39  4:04  Stalker x2  
  39  4:09  Probe  
  44  4:12  Probe  
  45  4:19  Robotics Facility  
  45  4:21  Probe  
  46  4:31  Stalker x2  
  48  4:36  Probe  
  48  4:37  Probe  
  52  4:45  Pylon  
  52  4:48  Probe  
  52  4:52  Probe  
  54  5:03  Probe  
  54  5:04  Probe  
  56  5:08  Observer (Chrono Boost)  
  56  5:09  Stalker x2  
  56  5:13  Pylon  
  61  5:15  Probe  
  61  5:20  Pylon  
  62  5:30  Nexus  
  62  5:31  Probe  
  62  5:34  Probe  
  64  5:43  Probe  
  64  5:46  Probe, Stalker x2  
  64  5:48  Stalker  
  72  5:52  Assimilator  
  72  5:55  Probe  
  73  5:58  Probe  
  73  5:59  Forge  
  73  6:02  Shield Battery  
  74  6:07  Pylon  
  74  6:08  Probe  
  75  6:12  Gateway  
  75  6:14  Charge  
  75  6:19  Probe  
  75  6:20  Probe  
  75  6:21  Observer  
  77  6:29  Protoss Ground Weapons Level 1 (Chrono Boost)  
  77  6:31  Probe (Chrono Boost)  
  79  6:33  Probe (Chrono Boost)  
  79  6:34  Immortal (Chrono Boost)  
  79  6:39  Pylon  
  83  6:42  Probe (Chrono Boost)  
  83  6:45  Probe (Chrono Boost)  
  83  6:46  Probe (Chrono Boost)  
  86  6:52  Probe (Chrono Boost)  
  88  6:54  Probe x2 (Chrono Boost)  
  88  6:55  Stalker x2  
  93  7:02  Stalker  
  93  7:05  Phoenix  
  93  7:06  Observer (Chrono Boost)  
  96  7:10  Gateway  
  96  7:11  Gateway  
  95  7:17  Shield Battery  
  95  7:19  Pylon  
  95  7:20  Gateway  
  95  7:22  Gateway  
  95  7:24  Immortal (Chrono Boost)  
  95  7:28  Probe  
  100  7:41  Pylon  
  100  7:42  Nexus  
  100  7:49  Probe, Assimilator  
  101  7:51  Templar Archives  
  101  8:00  Zealot x2  
  101  8:02  Shield Battery  
  101  8:04  Stalker x3  
  106  8:11  Pylon  
  106  8:12  Assimilator  
  106  8:14  Stalker x2, Assimilator  
  106  8:17  Pylon  
  110  8:24  Stalker x3  
  112  8:31  Pylon  
  112  8:32  Pylon  
  112  8:33  Pylon  
  111  8:38  Stalker  
  111  8:39  Stalker x2  
  109  8:42  Stalker  
  109  8:46  Stalker  
  104  8:52  Stalker  
  104  8:53  Zealot x2  
  96  9:02  Zealot x3  
  83  9:06  Stalker  
  66  9:10  Stalker  
  66  9:13  Zealot  
  66  9:17  Zealot x2  
  68  9:18  Probe x2 (Chrono Boost)  
  68  9:24  Probe (Chrono Boost)  
  73  9:30  Probe x2 (Chrono Boost)  
  75  9:33  Probe (Chrono Boost)  
  75  9:36  Probe x2 (Chrono Boost), High Templar  
  75  9:37  High Templar, Zealot x3  
  88  9:38  Probe (Chrono Boost)  
  88  9:42  Archon  
  88  9:44  Zealot x2  
  93  9:49  Zealot  
Show
View Real Time Build Order
Export as new Build Order

Firefly Protoss - Winner!

Build Orders: Oracle Opening, Archon Immortal, Blink Stalkers 

Get SALT Encoding   

  12  0:00  Probe  
  13  0:12  Probe  
  14  0:18  Pylon  
  14  0:24  Probe (Chrono Boost)  
  15  0:37  Probe (Chrono Boost)  
  15  0:39  Gateway  
  16  0:46  Probe (Chrono Boost)  
  16  0:49  Assimilator  
  17  0:51  Probe  
  17  0:54  Assimilator  
  18  1:03  Probe (Chrono Boost)  
  19  1:11  Gateway  
  19  1:14  Probe (Chrono Boost)  
  20  1:19  Probe (Chrono Boost)  
  21  1:26  Cybernetics Core  
  21  1:29  Probe  
  22  1:35  Pylon  
  22  1:41  Probe  
  23  1:55  Probe  
  23  1:59  Warp Gate (Chrono Boost)  
  24  2:02  Stalker, Sentry  
  24  2:06  Pylon  
  28  2:20  Oracle  
  28  2:25  Sentry  
  30  2:37  Nexus  
  30  2:40  Stalker  
  31  2:44  Probe  
  31  2:48  Sentry  
  34  2:56  Probe  
  35  3:00  Pylon  
  35  3:08  Probe  
  35  3:10  Twilight Council  
  36  3:19  Pylon  
  36  3:21  Probe  
  37  3:33  Probe  
  38  3:44  Blink (Chrono Boost)  
  38  3:45  Probe (Chrono Boost)  
  39  3:51  Probe (Chrono Boost)  
  41  3:56  Probe (Chrono Boost)  
  41  3:58  Oracle  
  41  3:59  Probe (Chrono Boost)  
  41  4:02  Probe (Chrono Boost)  
  43  4:04  Probe (Chrono Boost)  
  43  4:09  Robotics Facility  
  44  4:12  Probe  
  44  4:16  Probe  
  46  4:23  Nexus  
  46  4:24  Probe  
  47  4:26  Pylon  
  48  4:33  Stalker  
  48  4:37  Stalker  
  53  4:39  Shield Battery  
  53  4:40  Shield Battery  
  53  4:44  Phoenix  
  53  4:45  Pylon  
  51  4:50  Probe x2  
  53  4:54  Immortal (Chrono Boost)  
  57  5:02  Probe x2  
  59  5:07  Assimilator  
  59  5:09  Shield Battery  
  59  5:10  Forge  
  59  5:14  Probe x2  
  61  5:24  Stalker x2  
  61  5:25  Observer (Chrono Boost)  
  66  5:29  Immortal (Chrono Boost)  
  66  5:30  Probe x2 (Chrono Boost)  
  68  5:39  Probe (Chrono Boost), Protoss Ground Weapons Level 1 (Chrono Boost)  
  68  5:42  Immortal (Chrono Boost)  
  69  5:47  Stalker  
  69  5:48  Probe x2 (Chrono Boost)  
  75  5:50  Stalker  
  75  5:51  Probe (Chrono Boost)  
  75  5:54  Probe (Chrono Boost)  
  75  5:55  Probe  
  80  6:00  Probe  
  81  6:05  Pylon  
  81  6:06  Probe  
  81  6:07  Probe  
  81  6:10  Gateway, Stalker  
  85  6:12  Probe  
  85  6:14  Oracle, Stalker  
  85  6:18  Probe  
  89  6:21  Probe  
  89  6:24  Charge (Chrono Boost)  
  90  6:26  Observer  
  90  6:27  Gateway  
  90  6:31  Probe  
  91  6:35  Gateway  
  91  6:37  Gateway  
  91  6:40  Gateway x2  
  91  6:41  Pylon  
  91  6:50  Phoenix  
  91  6:52  Warp Prism (Chrono Boost)  
  91  6:53  Zealot x2  
  97  6:55  Pylon  
  97  6:59  Pylon x2  
  97  7:10  Templar Archives  
  97  7:13  Zealot x3  
  97  7:14  Pylon x2  
  103  7:20  Pylon  
  103  7:22  Protoss Ground Weapons Level 2 (Chrono Boost)  
  103  7:26  Nexus  
  104  7:40  Zealot x5  
  113  7:45  Zealot  
  113  7:47  High Templar x2  
  119  7:51  Archon  
  119  8:07  Zealot x6  
  119  8:12  Gateway  
  131  8:14  Gateway  
  123  8:34  High Templar x2  
  123  8:35  Zealot x3  
  123  8:36  Zealot x2  
  123  8:38  Zealot, Archon  
  109  8:59  Zealot x2  
  109  9:00  Zealot x4  
  111  9:05  Immortal (Chrono Boost)  
  111  9:08  Zealot x3  
  111  9:09  Probe x4  
  109  9:21  High Templar x2, Zealot x4  
  109  9:22  Zealot  
  123  9:28  Observer  
  123  9:37  Zealot x3  
  129  9:38  Archon  
  129  9:41  Zealot  
  129  9:42  Zealot x4  
Tags
 
Add a new tag
Caveats
  • Supply blocks, unpowered buildings, or Contaminate may cause inaccurate times.
  • Supply counts are checked every 10 seconds.